Map: Acropolis LE

Players

Dastan

  • Race: Protoss Protoss
  • League: Grandmaster
  • Spawn Location: 11:00

Harstem - Winner!

  • Race: Protoss Protoss
  • Spawn Location: 5:00

Event: NationWars 2019

VOD

Have the link to the VOD?

Description

Time

  • Played on: Oct. 11, 2019, 1:10 p.m.
  • Length: 17:27
Show
View Real Time Build Order
Export as new Build Order

Dastan Protoss 

Build Orders:  

Get SALT Encoding   

  12  0:01  Probe  
  13  0:13  Probe  
  14  0:17  Pylon  
  14  0:25  Probe (Chrono Boost)  
  15  0:37  Probe (Chrono Boost), Gateway  
  15  0:42  Probe (Chrono Boost)  
  16  0:47  Assimilator  
  17  0:53  Probe  
  17  0:55  Assimilator  
  18  1:05  Probe (Chrono Boost)  
  18  1:08  Gateway  
  19  1:17  Probe (Chrono Boost)  
  20  1:22  Probe (Chrono Boost)  
  20  1:25  Cybernetics Core  
  21  1:32  Probe  
  22  1:33  Pylon  
  22  1:44  Probe  
  23  1:56  Probe  
  24  2:02  Sentry (Chrono Boost)  
  24  2:03  Pylon  
  24  2:07  Warp Gate  
  28  2:08  Probe  
  28  2:09  Stalker (Chrono Boost)  
  29  2:24  Adept (Chrono Boost)  
  31  2:32  Adept  
  33  2:40  Probe  
  33  2:52  Nexus, Probe  
  34  3:01  Pylon  
  34  3:04  Probe  
  35  3:08  Sentry  
  35  3:09  Sentry  
  39  3:19  Probe  
  40  3:28  Robotics Facility, Forge  
  40  3:31  Probe  
  41  3:43  Probe  
  42  3:55  Probe  
  42  3:59  Pylon  
  42  4:00  Protoss Ground Weapons Level 1 (Chrono Boost)  
  42  4:01  Stalker  
  45  4:07  Probe  
  45  4:08  Probe  
  47  4:15  Pylon  
  45  4:20  Probe x2  
  47  4:26  Immortal (Chrono Boost)  
  51  4:32  Probe x2  
  51  4:41  Assimilator  
  51  4:44  Probe x2  
  53  4:46  Twilight Council  
  53  4:48  Stalker  
  55  4:56  Probe  
  55  4:57  Adept  
  55  4:58  Probe  
  59  5:04  Warp Prism  
  61  5:11  Gateway  
  61  5:19  Adept x2  
  58  5:39  Gateway  
  58  5:41  Gateway  
  56  5:44  Gateway  
  56  5:47  Stalker x2  
  56  5:49  Probe  
  62  5:52  Resonating Glaives (Chrono Boost)  
  61  6:00  Gateway  
  61  6:01  Protoss Ground Weapons Level 2 (Chrono Boost)  
  61  6:13  Adept  
  61  6:14  Adept x2  
  61  6:16  Pylon  
  67  6:19  Probe x2  
  67  6:22  Gateway  
  69  6:32  Pylon  
  69  6:35  Pylon  
  68  6:49  Adept x4  
  76  6:56  Probe x2  
  79  7:08  Probe x2  
  79  7:12  Adept x5  
  66  7:45  Adept, Sentry x3  
  66  7:46  Adept x2  
  66  7:49  Adept  
  78  7:56  Immortal  
  78  7:58  Shield Battery  
  78  7:59  Adept  
  78  8:00  Shield Battery  
  78  8:05  Shield Battery  
  80  8:12  Adept x2  
  80  8:13  Adept x2  
  88  8:25  Probe  
  89  8:27  Robotics Bay  
  89  8:31  Assimilator  
  89  8:32  Probe  
  90  8:38  Probe  
  91  8:48  Nexus, Probe  
  92  8:49  Pylon  
  92  8:50  Probe  
  91  9:10  Adept x3  
  91  9:14  Adept  
  91  9:15  Adept x3  
  105  9:25  Disruptor (Chrono Boost)  
  102  9:44  Protoss Ground Weapons Level 3 (Chrono Boost)  
  92  9:45  Blink (Chrono Boost)  
  92  9:48  Photon Cannon  
  92  9:49  Pylon  
  92  9:52  Stalker x2, Photon Cannon  
  96  9:58  Disruptor (Chrono Boost)  
  99  10:04  Probe  
  102  10:10  Robotics Facility  
  102  10:13  Photon Cannon  
  100  10:16  Photon Cannon  
  100  10:23  Stalker  
  102  10:29  Stalker x2  
  106  10:37  Photon Cannon  
  106  10:40  Shield Battery  
  106  10:45  Stalker x2  
  110  10:51  Adept  
  110  10:52  Adept x2  
  116  10:57  Adept x2  
  116  11:02  Disruptor (Chrono Boost)  
  112  11:07  Probe x3  
  115  11:17  Assimilator  
  115  11:18  Assimilator  
  115  11:19  Probe x3  
  118  11:31  Probe  
  118  11:32  Disruptor x2 (Chrono Boost)  
  125  11:40  Probe x2  
  127  11:52  Adept x6  
  131  11:55  Dark Shrine  
  130  12:26  Stargate  
  130  12:27  Probe x3  
  130  12:29  Stargate  
  129  12:39  Probe x2  
  129  12:40  Probe  
  129  12:43  Photon Cannon  
  130  12:47  Extended Thermal Lance  
  130  12:48  Colossus (Chrono Boost)  
  124  12:55  Pylon  
  124  12:57  Pylon  
  130  13:00  Pylon  
  130  13:02  Pylon  
  130  13:05  Adept  
  132  13:12  Colossus  
  132  13:14  Dark Templar  
  140  13:25  Stalker x4  
  140  13:26  Stalker  
  150  13:31  Stalker x2  
  152  13:35  Observer  
  147  13:48  Stalker  
  147  13:49  Stalker x4  
  157  14:09  Colossus (Chrono Boost)  
  161  14:18  Colossus (Chrono Boost), Stalker x2  
  161  14:23  Pylon  
  161  14:24  Pylon  
  165  14:25  Pylon  
  153  14:35  Nexus  
  151  14:38  Pylon  
  151  14:43  Protoss Shields Level 1 (Chrono Boost)  
  151  14:45  Templar Archives  
  151  14:51  Pylon  
  152  14:52  Probe  
  152  14:53  Probe  
  152  14:55  Stalker  
  153  15:01  Zealot  
  153  15:02  Dark Templar  
  142  15:07  Probe x2  
  142  15:12  Observer x2  
  142  15:14  Stalker x2  
  130  15:22  Stalker  
  127  15:29  Probe  
  127  15:35  Photon Cannon  
  128  15:37  Photon Cannon  
  128  15:38  Probe, Photon Cannon  
  129  15:43  Stalker x2  
  130  15:51  Probe x2  
  130  15:52  Probe x2  
  128  16:03  Probe x2  
  130  16:04  Probe x2  
  130  16:09  Assimilator  
  132  16:15  Probe x2  
  132  16:16  Probe  
  132  16:17  Probe  
  132  16:18  Warp Prism  
  138  16:23  Assimilator  
  138  16:37  Observer  
  139  16:41  Dark Templar x5  
  144  16:54  Observer  
  144  16:58  Observer  
  130  17:07  Probe  
Show
View Real Time Build Order
Export as new Build Order

Harstem Protoss - Winner!

Build Orders: Phoenix Opening, Zealot Archon, Archon Drop 

Get SALT Encoding   

  12  0:01  Probe  
  13  0:13  Probe  
  14  0:18  Pylon  
  14  0:25  Probe (Chrono Boost)  
  15  0:37  Probe (Chrono Boost), Gateway  
  16  0:45  Probe (Chrono Boost)  
  16  0:48  Assimilator  
  17  0:51  Probe  
  17  0:55  Assimilator  
  18  1:03  Probe (Chrono Boost)  
  19  1:07  Gateway  
  19  1:13  Probe (Chrono Boost)  
  19  1:18  Probe (Chrono Boost)  
  20  1:25  Cybernetics Core  
  21  1:30  Probe  
  22  1:40  Pylon  
  22  1:42  Probe  
  23  1:57  Probe  
  23  1:59  Warp Gate (Chrono Boost)  
  24  2:01  Stalker  
  24  2:02  Sentry  
  28  2:10  Pylon  
  30  2:34  Sentry  
  30  2:36  Phoenix  
  30  2:38  Probe  
  30  2:39  Nexus  
  31  2:44  Robotics Facility  
  31  2:50  Probe  
  32  2:55  Stalker  
  34  3:02  Probe  
  35  3:06  Pylon  
  35  3:14  Probe  
  36  3:26  Probe  
  37  3:29  Warp Prism (Chrono Boost)  
  39  3:38  Probe  
  40  3:41  Shield Battery  
  40  3:48  Forge  
  40  3:51  Probe (Chrono Boost)  
  40  3:53  Probe (Chrono Boost)  
  42  3:59  Adept x2  
  46  4:05  Probe (Chrono Boost)  
  46  4:07  Probe (Chrono Boost)  
  48  4:10  Probe (Chrono Boost)  
  48  4:15  Probe  
  50  4:20  Probe  
  49  4:25  Protoss Ground Weapons Level 1 (Chrono Boost)  
  49  4:27  Probe (Chrono Boost)  
  49  4:30  Adept  
  49  4:31  Adept  
  53  4:32  Probe (Chrono Boost)  
  54  4:43  Pylon  
  54  4:44  Probe (Chrono Boost)  
  54  4:45  Probe (Chrono Boost)  
  56  4:49  Probe (Chrono Boost)  
  56  4:50  Assimilator  
  56  4:51  Probe (Chrono Boost)  
  58  4:52  Assimilator  
  58  4:54  Twilight Council  
  58  4:58  Probe  
  59  5:01  Pylon  
  59  5:03  Observer, Probe  
  61  5:12  Gateway x2  
  61  5:13  Probe  
  62  5:15  Probe  
  62  5:18  Phoenix  
  63  5:26  Immortal (Chrono Boost)  
  59  5:31  Templar Archives  
  63  5:42  Probe  
  64  5:45  Shield Battery  
  64  5:47  Gateway  
  64  5:48  Gateway  
  64  5:51  Charge  
  64  5:53  Pylon  
  64  5:54  Zealot  
  66  5:58  Zealot  
  68  6:11  Gateway x2  
  68  6:17  High Templar x3  
  74  6:19  High Templar, Shield Battery  
  74  6:21  Protoss Ground Weapons Level 2 (Chrono Boost)  
  74  6:22  Archon  
  74  6:23  Pylon  
  76  6:28  Archon  
  76  6:47  Zealot x2  
  76  6:49  Zealot  
  76  6:50  Zealot x2  
  86  7:01  Zealot  
  86  7:06  Shield Battery  
  88  7:10  Zealot x3  
  89  7:27  Probe (Chrono Boost)  
  89  7:29  Zealot  
  86  7:31  Zealot  
  86  7:33  Probe (Chrono Boost)  
  86  7:35  Zealot x3  
  81  7:39  Probe (Chrono Boost)  
  81  7:43  Probe (Chrono Boost)  
  78  7:46  Photon Cannon  
  78  7:47  Probe (Chrono Boost)  
  78  7:49  Probe (Chrono Boost)  
  80  7:53  Probe  
  80  7:56  Pylon x2  
  80  7:57  Probe  
  82  8:04  Pylon  
  82  8:06  Photon Cannon  
  82  8:14  Probe x2  
  82  8:15  Pylon  
  82  8:19  Observer  
  85  8:23  High Templar x3  
  85  8:25  High Templar  
  85  8:26  Probe x2  
  95  8:27  Pylon  
  95  8:30  Archon  
  95  8:38  High Templar x4  
  103  8:44  Archon  
  103  8:48  Archon  
  103  8:49  Archon  
  103  8:52  Probe  
  103  8:54  Probe  
  102  9:03  Zealot  
  102  9:04  Zealot  
  103  9:12  Zealot x6  
  101  9:24  Probe  
  101  9:27  Zealot x2  
  105  9:33  Zealot  
  98  9:39  Probe  
  98  9:41  Probe  
  93  9:50  Stalker  
  93  9:52  Stalker  
  97  10:15  Stargate  
  97  10:16  Nexus  
  97  10:19  High Templar x2  
  97  10:20  High Templar x2  
  105  10:21  Probe  
  105  10:25  Observer  
  105  10:26  Pylon  
  105  10:27  Archon  
  105  10:28  Archon  
  106  10:32  Probe  
  106  10:33  Probe  
  108  10:44  Probe  
  108  10:51  Zealot x4  
  116  11:03  Phoenix (Chrono Boost), Probe (Chrono Boost)  
  113  11:08  Probe (Chrono Boost)  
  108  11:15  Probe (Chrono Boost)  
  108  11:17  Stargate  
  109  11:20  Probe (Chrono Boost)  
  109  11:22  Phoenix  
  109  11:24  Probe (Chrono Boost)  
  113  11:28  Probe (Chrono Boost)  
  113  11:30  Photon Cannon  
  113  11:31  Protoss Ground Weapons Level 3 (Chrono Boost)  
  116  11:33  Probe (Chrono Boost)  
  116  11:36  Probe x2 (Chrono Boost)  
  116  11:39  Probe (Chrono Boost)  
  118  11:41  Probe (Chrono Boost)  
  119  11:47  Phoenix (Chrono Boost)  
  119  11:53  Probe  
  122  11:58  Probe, Assimilator  
  122  11:59  Phoenix (Chrono Boost)  
  122  12:00  Assimilator  
  126  12:08  High Templar  
  126  12:09  High Templar x3, Zealot  
  126  12:10  Zealot x2  
  126  12:12  Pylon  
  126  12:14  Pylon  
  137  12:15  Archon  
  137  12:16  Archon  
  137  12:19  Phoenix  
  133  12:24  Phoenix  
  133  12:26  Probe  
  133  12:29  Probe  
  133  12:42  Zealot x5  
  141  12:49  Phoenix (Chrono Boost)  
  141  12:50  Phoenix (Chrono Boost)  
  143  13:04  Phoenix (Chrono Boost)  
  143  13:07  Pylon, Nexus  
  143  13:10  Pylon  
  145  13:14  Phoenix  
  147  13:22  Protoss Air Weapons Level 1  
  145  13:32  Zealot x4  
  145  13:33  Photon Cannon  
  149  13:34  Observer (Chrono Boost)  
  149  13:36  Zealot x2  
  149  13:38  Probe  
  149  13:39  Probe  
  151  13:51  High Templar x2  
  151  13:53  Zealot x3  
  161  13:56  Archon  
  159  14:06  Phoenix  
  157  14:13  Probe  
  157  14:14  Probe  
  159  14:17  Photon Cannon  
  159  14:24  Robotics Bay  
  159  14:27  Phoenix  
  161  14:34  Immortal (Chrono Boost)  
  163  14:43  Dark Shrine  
  161  14:57  Zealot x5  
  161  14:58  Zealot x3  
  175  15:08  Phoenix  
  175  15:14  Phoenix  
  167  15:17  Zealot x2  
  167  15:18  Zealot  
  159  15:25  Disruptor (Chrono Boost)  
  159  15:26  Probe  
  150  15:33  Phoenix  
  150  15:35  Probe, Robotics Facility  
  156  15:49  Phoenix (Chrono Boost)  
  156  15:58  Probe x2  
  156  16:01  Disruptor (Chrono Boost)  
  160  16:05  Phoenix (Chrono Boost)  
  160  16:09  Phoenix (Chrono Boost), Dark Templar x3  
  171  16:21  Assimilator  
  171  16:25  Assimilator  
  171  16:27  Pylon, Disruptor (Chrono Boost)  
  171  16:30  Photon Cannon  
  171  16:32  Photon Cannon  
  170  16:37  Dark Templar x3  
  172  16:41  Dark Templar  
  158  16:57  Observer (Chrono Boost)  
  153  17:15  Zealot x5  
  149  17:16  Zealot x3  
Tags
 
Add a new tag
Caveats
  • Supply blocks, unpowered buildings, or Contaminate may cause inaccurate times.
  • Supply counts are checked every 10 seconds.